 Dungeon Crawl Stone Soup version 0.21.1-1-g345015f (webtiles) character file.

816 inc the Conjurer (level 7, -4/41 HPs)
             Began as an Octopode Conjurer on Mar 16, 2018.
             Was an Initiate of Gozag.
             Slain by Grinder (5 damage)
             ... on level 6 of the Dungeon.
             The game lasted 00:07:54 (4925 turns).

inc the Conjurer (Octopode Conjurer)                Turns: 4925, Time: 00:07:55

Health: -4/41      AC:  1    Str:  8    XL:     7   Next: 94%
Magic:  10/16      EV: 13    Int: 19    God:    Gozag
Gold:   330        SH:  0    Dex: 12    Spells: 15/18 levels left

rFire    . . .     SeeInvis .   (no weapon)
rCold    . . .     Gourm    .   (no shield)
rNeg     . . .     Faith    .   (helmet restricted)
rPois    .         Spirit   .   g - amulet of regeneration
rElec    .         Reflect  .   (no ring)
rCorr    .         Harm     .   (no ring)
MR       .....                  (no ring)
Stlth    +++.......             (no ring)
HPRegen  0.53/turn              (no ring)
MPRegen  0.15/turn              (no ring)
                                (no ring)
                                (no ring)

@: about to teleport
A: almost no armour, stealthy swim, amphibious, 8 rings, constrict 8, camouflage
1, gelatinous body 1
a: Potion Petition, Call Merchant, Bribe Branch, Renounce Religion


You were on level 6 of the Dungeon.
You worshipped Gozag.
Gozag was aware of your devotion.
You were not hungry.

You visited 1 branch of the dungeon, and saw 6 of its levels.

You collected 400 gold pieces.
You paid 70 gold pieces to Gozag.

Inventory:

Jewellery
 g - an amulet of regeneration (around mantle)
 s - an uncursed amulet of faith {unknown}
Wands
 o - a wand of digging (9)
Scrolls
 d - a scroll of remove curse
 e - a scroll of enchant weapon
 f - 4 scrolls of teleportation
 j - a scroll of fog
 n - 2 scrolls of enchant armour {unknown}
 q - a scroll of amnesia {unknown}
 r - a scroll of identify {unknown}
Potions
 c - a potion of resistance {unknown}
 h - a potion of invisibility {unknown}
 i - 3 potions of heal wounds {unknown}
 k - 2 potions of might {unknown}
 l - a potion of brilliance {unknown}
 m - a potion of lignification {unknown}
 p - a potion of agility {unknown}
Books
 a - a book of Conjurations

   Spells                             Type                      Level
   a - Magic Dart                     Conjuration                  1
   b - Searing Ray                    Conjuration                  2
   c - Dazzling Spray                 Conjuration/Hexes            3
   d - Fulminant Prism                Conjuration/Hexes            4
   e - Force Lance                    Conjuration/Translocation    4
   f - Iskenderun's Mystic Blast      Conjuration                  4
Comestibles
 b - 6 rations


   Skills:
 - Level 2.0 Dodging
 - Level 2.6 Stealth
 - Level 6.3 Spellcasting
 + Level 6.8 Conjurations


You had 15 spell levels left.
You knew the following spells:

 Your Spells              Type           Power        Failure   Level  Hunger
a - Magic Dart            Conj           ####         1%          1    None
b - Searing Ray           Conj           ####..       1%          2    None


Dungeon Overview and Level Annotations

Branches:
Dungeon (6/15)             Temple (0/1) D:5

Altars:
Cheibriados
Gozag
Sif Muna
The Shining One

Annotations:
D:3 shugdite's ghost, amateur MiGl
D:6 Grinder


Innate Abilities, Weirdness & Mutations

You cannot wear most types of armour.
You are very stealthy in the water. (Stealth+)
You are amphibious.
You can wear up to eight rings at the same time.
You can use your tentacles to constrict eight enemies at once.
Your skin changes colour to match your surroundings (Stealth+).
Your rubbery body absorbs attacks. (AC +1, EV +1)


Message History

You suddenly lose the ability to move!
Grinder hits you.
You writhe in agony.
Grinder hits you.
You writhe in agony.
The orc warrior barely misses you. Grinder gestures at you.
You shrug off the repeated paralysis!
You can move again.
You see here 6 gold pieces.
Okay, then.
As you read the scroll of teleportation, it crumbles to dust.
You feel strangely unstable.
The orc warrior hits you with a battleaxe!!
Ouch! That really hurt!
* * * LOW HITPOINT WARNING * * *
Grinder says, "DUCK!"
Grinder hits you.
* * * LOW HITPOINT WARNING * * *
You writhe in agony.
You die...
Your body crumbles into a pile of gold.

##............o
#..............
##.......o.####
#.........##
..........##
##........o##
#######....#
#..o.##
##.@..####
#.5.....###
#.........##
#..........#
#..........#
#...<......#
#...........#
#...........#
#...........#


You could see Grinder, an orc warrior and 2 orcs.

Vanquished Creatures
  A sky beast (D:5)
  An ogre (D:5)
  A phantom (D:4)
  A scorpion (D:4)
  A howler monkey (D:6)
  A centaur zombie (D:5)
  A jelly (D:5)
  An orc priest (D:3)
  4 hounds
  2 worker ants
  2 orc wizards
  7 adders
  An ooze (D:1)
  2 worms
  2 dart slugs
  4 leopard geckos
  8 orcs
  2 ball pythons
  8 bats
  4 giant cockroaches
  6 hobgoblins
  4 jackals (D:5)
  7 kobolds
  A quokka (D:2)
  8 frilled lizards
  6 goblins
  A jackal skeleton (D:4)
  8 rats
95 creatures vanquished.

Notes
Turn   | Place    | Note
-------+----------+-------------------------------------------
     0 | D:1      | inc the Octopode Conjurer began the quest for the Orb.
     0 | D:1      | Reached XP level 1. HP: 11/11 MP: 3/3
   127 | D:1      | Reached XP level 2. HP: 17/17 MP: 1/5
   743 | D:1      | Reached XP level 3. HP: 21/21 MP: 2/7
  1148 | D:2      | Reached XP level 4. HP: 27/27 MP: 0/9
  1825 | D:3      | Reached XP level 5. HP: 12/31 MP: 0/12
  1991 | D:3      | Reached skill level 5 in Spellcasting
  2212 | D:3      | Noticed shugdite's ghost (amateur MiGl)
  2250 | D:2      | Learned a level 2 spell: Searing Ray
  2294 | D:3      | Found a deep blue altar of Sif Muna.
  2724 | D:3      | Found an opulent altar of Gozag.
  2726 | D:3      | Found a snail-covered altar of Cheibriados.
  2828 | D:4      | Reached XP level 6. HP: 30/36 MP: 6/14
  2948 | D:4      | Found a glowing golden altar of the Shining One.
  3350 | D:4      | Noticed a phantom
  3378 | D:4      | Killed a phantom
  3378 | D:4      | Reached XP level 7. HP: 24/41 MP: 1/16
  3829 | D:3      | Became a worshipper of Gozag Ym Sagoz the Greedy
  4045 | D:5      | Entered Level 5 of the Dungeon
  4058 | D:5      | Reached skill level 5 in Conjurations
  4506 | D:5      | Found a staircase to the Ecumenical Temple.
  4918 | D:6      | Noticed Grinder
  4921 | D:6      | Paralysed by Grinder for 4 turns
  4925 | D:6      | HP: 1/41 [Grinder (3)]
  4925 | D:6      | Slain by Grinder

Skill      XL: |  1  2  3  4  5  6  7 |
---------------+----------------------+-----
Spellcasting   | 3 4 5 6 |  6.3
Conjurations   | 6 |  6.8
Dodging        | |  2.0
Stealth        | |  2.6

Action                   |  1- 3 |  4- 6 |  7- 9 || total
-------------------------+-------+-------+-------++-------
Melee: Unarmed           |    15 |     8 |       ||    23
       Constrict         |     7 |     1 |       ||     8
       Tentacles         |     5 |     2 |       ||     7
 Cast: Magic Dart        |    54 |   133 |    41 ||   228
       Searing Ray       |       |     8 |     8 ||    16
  Use: Scroll            |       |       |     5 ||     5
  Eat: Chunk             |     1 |     6 |     1 ||     8
       Ration            |       |       |     2 ||     2
Armor: Skin              |     3 |       |     1 ||     4
Dodge: Dodged            |    16 |    33 |    10 ||    59
